 Dungeon Crawl Stone Soup version 0.31-a0-175-g9f7f995f2b (webtiles) character file.

Game seed: 10574041299092456646

12 mopl the Trooper (level 2, 22/24 HPs)
             Began as a Demonspawn Fighter on June 16, 2023.
             Quit the game on level 1 of the Dungeon.
             The game lasted 00:00:28 (338 turns).

mopl the Trooper (Demonspawn Fighter)                Turns: 338, Time: 00:00:28

Health: 22/24      AC:  6    Str: 16    XL:     2   Next: 20%
Magic:  2/2        EV:  9    Int:  9    God:
Gold:   6          SH:  4    Dex: 12    Spells: 1/1 levels left

rFire   . . .        a - +0 war axe
rCold   . . .        c - +0 buckler
rNeg    . . .        b - +0 scale mail
rPois   .            (helmet restricted)
rElec   .            (no cloak)
rCorr   .            (no gloves)
SInv    .            (no boots)
Will    .....        (no amulet) Stlth
                     (no ring)
HPRegen 0.24/turn    (no ring)
MPRegen 0.08/turn

%: no passive effects
@: no status effects
A: horns 1
a: no special abilities


You were on level 1 of the Dungeon.
You visited 1 branch of the dungeon, and saw 1 of its levels.

You collected 6 gold pieces.

Inventory:

Hand Weapons
 a - a +0 war axe (weapon)
Armour
 b - a +0 scale mail (worn)
 c - a +0 buckler (worn)
Scrolls
 e - a scroll of silence {unknown}
Potions
 d - a potion of might


   Skills:
 + Level 3.1 Fighting
 * Level 2.1 Axes
 - Level 2.6 Armour
 + Level 0.5 Dodging
 + Level 2.8 Shields


You had one spell level left.
You didn't know any spells.
Your spell library was empty.

Dungeon Overview and Level Annotations

Branches:
Dungeon (1/15)

Altars:


Innate Abilities, Weirdness & Mutations

You have a pair of small horns on your head.


Message History

No target in view!
You see here a +0 spear.
There is an open door here.
There is an open door here.
There is an open door here.
A bat comes into view.
A bat is nearby!
The bat hits you. The bat hits you. The bat hits you.
You closely miss the bat. The bat closely misses you. x2
You closely miss the bat. The bat barely misses you.
The bat hits you but does no damage.
You hit the bat. You headbutt the bat.
You kill the bat!
No target in view!
No target in view!
No target in view!
No target in view!
No target in view!
No target in view!
No target in view!
No target in view!
No target in view!
No target in view!
No target in view!
No target in view!
No target in view!
You see here a bat corpse.
A ball python comes into view.
The ball python hisses angrily.
A ball python is nearby!
Sorry, you're not good enough to have a special ability.
Unknown command.
The ball python bites you. The ball python barely misses you.
You hit the ball python.
You kill the ball python!
No target in view!
No target in view!
Are you sure you want to abandon this character and quit the game? (Confirm with "yes".)

### ..# ####### ..#
....... ..#######
....... ........# #.####
....... ........###.#..
.......
........#.#.#.###!......
........#.......@...#
........#.#.##.#....#
........#.#.........#
........#...........#
........#.†.........#
.)......#.#.##......#
........#.####......#
........#.# ....####
####'####.# .......


There were no monsters in sight!

Vanquished Creatures
  2 ball pythons (D:1)
  2 bats (D:1)
  2 endoplasms (D:1)
  2 goblins (D:1)
  A kobold (D:1)
  A rat (D:1)
10 creatures vanquished.

Notes
Turn   | Place    | Note
-------+----------+-------------------------------------------
     0 | D:1      | mopl the Demonspawn Fighter began the quest for the Orb.
     0 | D:1      | Reached XP level 1. HP: 18/18 MP: 1/1
   184 | D:1      | Reached skill level 2 in Axes
   270 | D:1      | Discovered your monstrous ancestry.
   270 | D:1      | Gained mutation: You have a pair of small horns on your
                  | head. [demonic ancestry]
   270 | D:1      | Reached XP level 2. HP: 20/24 MP: 2/2
   338 | D:1      | Quit the game

Illustrated notes

Levels and vault maps discovered:
D:1:      dpeg_arrival_central, layout_basic, grunt_decor_fettered

Skill      XL: |  1 |
---------------+----+-----
Axes           | 2 |  2.1
Fighting       | |  3.1
Armour         | |  2.6
Dodging        | |  0.5
Shields        | |  2.8

Action                     || total
---------------------------++-------
  Melee: War axe           ||    20
         Headbutt          ||     2
 Armour: Scale mail        ||    12
  Dodge: Dodged            ||     8
  Block: Buckler           ||     1

Table legend: (Time is in decaauts)
 A = Elapsed time spent in this place.
 B = Non-inter-level travel time spent in this place.
 C = Inter-level travel time spent in this place.
 D = Time resting spent in this place.
 E = Time spent auto-exploring this place.
 F = Levels seen in this place.
 G = Mean time per level.
                   A        B        C        D        E       F      G
               +--------+--------+--------+--------+--------+-----+--------+
         Total |    347 |    347 |      0 |      0 |    289 |   1 |  347.0 |
       Dungeon |    347 |    347 |      0 |      0 |    289 |   1 |  347.0 |
               +--------+--------+--------+--------+--------+-----+--------+

Top non-repeatable levels by time:
     D:1: 347 daAuts
